| TOP OF THE 1ST |
|
Detroit (APP) Tigers batting - Pitching for Boston (APP) Red Sox : RHP Josh Graham
|
|
Pitching: RHP Josh Graham
|
|
|
Batting: LHB Bill Ford
|
0-0: Ball 1-0: Ball 2-0: Ball 3-0: Base on Balls
|
|
Batting: RHB Jon Goldstein
|
0-0: Swinging Strike 0-1: Ball 1-1: Ball 2-1: Called Strike Bill Ford steals 2nd base (no throw) 2-2: Fly out, F8 (Flyball, 8LD, EV 102.5 MPH)
|
|
Batting: LHB Jon Pedlar
|
0-0: Ball 1-0: Swinging Strike 1-1: Ball 2-1: Ground out 6-3 (Groundball, 6M, EV 82.5 MPH) Bill Ford to third
|
|
Batting: SHB Ross Holland
|
0-0: Foul Ball, location: 2F 0-1: Ball 1-1: Fly out, F6 (Flyball, 56D, EV 91.9 MPH)
|
| Top of the 1st over - 0 runs, 0 hits, 0 errors, 1 left on base; Detroit (APP) 0 - Boston (APP) 0 |
| BOTTOM OF THE 1ST |
|
Boston (APP) Red Sox batting - Pitching for Detroit (APP) Tigers : RHP Alex Amparo
|
|
Pitching: RHP Alex Amparo
|
|
|
Batting: RHB Rogelio Cervantes
|
0-0: Fly out, F9 (Flyball, 9S, EV 91.2 MPH)
|
|
Batting: RHB Matt Hinkle
|
0-0: Foul Ball, location: 2F 0-1: Ball 1-1: SOLO HOME RUN (Flyball, 7LD, EV 94.4 MPH), Distance : 334 ft
|
|
Batting: RHB Frank Sokolosky
|
0-0: Ball 1-0: Called Strike 1-1: Ball 2-1: Ball 3-1: Foul Ball, location: 2F 3-2: DOUBLE (Line Drive, 3D, EV 99.4 MPH)
|
|
Batting: LHB Stanislav Parusov
|
0-0: Ball 1-0: Ball 2-0: Ground out 4-3 (Groundball, 4, EV 88.1 MPH) Frank Sokolosky to third
|
|
Batting: SHB Eric Evans
|
0-0: Foul Ball, location: 2F 0-1: Ball 1-1: Foul Ball, location: 2F 1-2: DOUBLE (Line Drive, 7LS, EV 98.8 MPH) Frank Sokolosky scores
|
|
Pinch Runner at 2nd Curt Stallings:
|
|
|
Batting: LHB Frank Olivo
|
0-0: Ball 1-0: Foul Ball, location: 2F 1-1: Ball 2-1: Called Strike 2-2: Strikes out swinging
|
| Bottom of the 1st over - 2 runs, 3 hits, 0 errors, 1 left on base; Detroit (APP) 0 - Boston (APP) 2 |
| TOP OF THE 2ND |
|
Detroit (APP) Tigers batting - Pitching for Boston (APP) Red Sox : RHP Josh Graham
|
|
Now in RF: Curt Stallings
|
|
|
Batting: LHB Jon Frederick
|
0-0: Ball 1-0: Ball 2-0: Ball 3-0: Called Strike 3-1: Swinging Strike 3-2: Foul Ball, location: 2F 3-2: Base on Balls
|
|
Batting: RHB Jose Evangelista
|
0-0: Called Strike 0-1: Ball 1-1: Ball 2-1: Ball 3-1: DOUBLE (Flyball, 8RD, EV 95.6 MPH) Jon Frederick to third
|
|
Batting: RHB Billy Verdusco
|
0-0: Foul Ball, location: 2F 0-1: Ball 1-1: Ball 2-1: Called Strike 2-2: Ground out 3-1 (Groundball, 34, EV 88.8 MPH) Jon Frederick scores Jose Evangelista to third
|
|
Batting: RHB Jamie Villagrana
|
0-0: Ball 1-0: Foul Ball, location: 2F 1-1: Ball 2-1: Swinging Strike 2-2: Foul Ball, location: 2F 2-2: Strikes out looking
|
|
Batting: RHB Willie Ochoa
|
0-0: Ball 1-0: Fly out, F8 (Line Drive, 8RD, EV 104.4 MPH)
|
| Top of the 2nd over - 1 run, 1 hit, 0 errors, 1 left on base; Detroit (APP) 1 - Boston (APP) 2 |
| BOTTOM OF THE 2ND |
|
Boston (APP) Red Sox batting - Pitching for Detroit (APP) Tigers : RHP Alex Amparo
|
|
Batting: RHB Mike Strey
|
0-0: Called Strike 0-1: SINGLE (Groundball, 25, EV 73.1 MPH) (infield hit)
|
|
Pinch Runner at 1st Rich Boysen:
|
|
|
Batting: RHB Dominique Paolozzi
|
0-0: Fielders Choice at 2nd, 6-4 (Groundball, 6, EV 83.8 MPH)
|
|
Batting: RHB Joe Booth
|
0-0: Called Strike 0-1: Grounds into double play, 5-4-3 (Groundball, 56, EV 105.6 MPH)
|
| Bottom of the 2nd over - 0 runs, 1 hit, 0 errors, 0 left on base; Detroit (APP) 1 - Boston (APP) 2 |
| TOP OF THE 3RD |
|
Detroit (APP) Tigers batting - Pitching for Boston (APP) Red Sox : RHP Josh Graham
|
|
Now at C: John Doucette
|
|
|
Batting: LHB Bill Ford
|
0-0: Ball 1-0: Ball 2-0: Called Strike 2-1: Foul Ball, location: 2F 2-2: Ball 3-2: Foul Ball, location: 2F 3-2: Foul Ball, location: 2F 3-2: Strikes out swinging
|
|
Batting: RHB Jon Goldstein
|
0-0: Called Strike 0-1: Foul Ball, location: 2F 0-2: Ball 1-2: Ball 2-2: Ball 3-2: DOUBLE (Groundball, 5L, EV 103.8 MPH)
|
|
Batting: LHB Jon Pedlar
|
0-0: Foul Ball, location: 2F 0-1: Ball 1-1: Foul Ball, location: 2F 1-2: Ball 2-2: Foul Ball, location: 2F 2-2: Ground out 1-3 (Groundball, 15S, EV 77.5 MPH)
|
|
Batting: SHB Ross Holland
|
0-0: Swinging Strike 0-1: Ball 1-1: Swinging Strike 1-2: Ball 2-2: Strikes out swinging
|
| Top of the 3rd over - 0 runs, 1 hit, 0 errors, 1 left on base; Detroit (APP) 1 - Boston (APP) 2 |
| BOTTOM OF THE 3RD |
|
Boston (APP) Red Sox batting - Pitching for Detroit (APP) Tigers : RHP Alex Amparo
|
|
Batting: RHB Rogelio Cervantes
|
0-0: Ball 1-0: Called Strike 1-1: SINGLE (Groundball, 6MS, EV 71.9 MPH) (infield hit)
|
|
Batting: RHB Matt Hinkle
|
0-0: Ball 1-0: Called Strike Rogelio Cervantes steals 2nd base 1-1: Swinging Strike 1-2: Strikes out swinging
|
|
Batting: RHB Frank Sokolosky
|
0-0: Ball 1-0: Fly out, F8 (Flyball, 89M, EV 98.1 MPH)
|
|
Batting: LHB Stanislav Parusov
|
0-0: Ball 1-0: Reached on error, E5 (Groundball, 56, EV 110.0 MPH) Rogelio Cervantes scores
|
|
Batting: RHB Curt Stallings
|
0-0: Called Strike 0-1: Called Strike 0-2: Ball 1-2: Ball 2-2: Foul Ball, location: 2F 2-2: Foul Ball, location: 2F 2-2: Fly out, F9 (Flyball, 9, EV 74.4 MPH)
|
| Bottom of the 3rd over - 1 run, 1 hit, 1 error, 1 left on base; Detroit (APP) 1 - Boston (APP) 3 |
| TOP OF THE 4TH |
|
Detroit (APP) Tigers batting - Pitching for Boston (APP) Red Sox : RHP Josh Graham
|
|
Batting: LHB Jon Frederick
|
0-0: Swinging Strike 0-1: Ball 1-1: Ball 2-1: Foul Ball, location: 2F 2-2: Ball 3-2: Base on Balls
|
|
Batting: RHB Jose Evangelista
|
0-0: Called Strike 0-1: Ball 1-1: Ball 2-1: Foul Ball, location: 2F 2-2: SINGLE (Groundball, 56D, EV 105.0 MPH) Jon Frederick to second
|
|
Batting: RHB Billy Verdusco
|
0-0: DOUBLE (Groundball, 5L, EV 100.0 MPH) Jon Frederick scores Jose Evangelista to third
|
|
Batting: RHB Jamie Villagrana
|
0-0: Foul Ball, location: 2F 0-1: Ball 1-1: Ball 2-1: Swinging Strike 2-2: Fly out, F3 (Popup, 23F, EV 88.1 MPH)
|
|
Batting: RHB Willie Ochoa
|
0-0: Ball 1-0: Called Strike 1-1: 3-RUN HOME RUN (Flyball, 89XD, EV 111.2 MPH), Distance : 420 ft
|
|
Pitching: RHP Jose Abanto
|
|
|
Batting: LHB Bill Ford
|
0-0: Ball 1-0: Called Strike 1-1: Ball 2-1: SINGLE (Groundball, 6MS, EV 68.8 MPH) (infield hit)
|
|
Batting: RHB Jon Goldstein
|
0-0: Ball 1-0: Called Strike Bill Ford steals 2nd base 1-1: Swinging Strike 1-2: Ball 2-2: Strikes out swinging
|
|
Batting: LHB Jon Pedlar
|
0-0: Called Strike 0-1: Ball 1-1: Fly out, F2 (Popup, 15S, EV 85.0 MPH)
|
| Top of the 4th over - 4 runs, 4 hits, 0 errors, 1 left on base; Detroit (APP) 5 - Boston (APP) 3 |
| BOTTOM OF THE 4TH |
|
Boston (APP) Red Sox batting - Pitching for Detroit (APP) Tigers : RHP Alex Amparo
|
|
Batting: LHB Frank Olivo
|
0-0: Foul Ball, location: 2F 0-1: SINGLE (Groundball, 56D, EV 103.8 MPH)
|
|
Batting: RHB John Doucette
|
0-0: Called Strike 0-1: Swinging Strike 0-2: Strikes out swinging
|
|
Batting: RHB Dominique Paolozzi
|
0-0: Called Strike 0-1: Ball 1-1: Fly out, F7 (Line Drive, 7, EV 98.8 MPH)
|
|
Batting: RHB Joe Booth
|
0-0: Ball 1-0: Ball 2-0: Fielders Choice at 2nd, 5-4 (Groundball, 5, EV 83.1 MPH)
|
| Bottom of the 4th over - 0 runs, 1 hit, 0 errors, 1 left on base; Detroit (APP) 5 - Boston (APP) 3 |
| TOP OF THE 5TH |
|
Detroit (APP) Tigers batting - Pitching for Boston (APP) Red Sox : RHP Jose Abanto
|
|
Batting: SHB Ross Holland
|
0-0: Ball 1-0: Called Strike 1-1: Ball 2-1: Foul Ball, location: 2F 2-2: Ball 3-2: Strikes out swinging
|
|
Batting: LHB Jon Frederick
|
0-0: Ball 1-0: Ball 2-0: Ground out 4-3 (Groundball, 4, EV 85.6 MPH)
|
|
Batting: RHB Jose Evangelista
|
0-0: Called Strike 0-1: Foul Ball, location: 2F 0-2: Ball 1-2: Strikes out swinging
|
| Top of the 5th over - 0 runs, 0 hits, 0 errors, 0 left on base; Detroit (APP) 5 - Boston (APP) 3 |
| BOTTOM OF THE 5TH |
|
Boston (APP) Red Sox batting - Pitching for Detroit (APP) Tigers : RHP Alex Amparo
|
|
Batting: RHB Rogelio Cervantes
|
0-0: Ball 1-0: Ball 2-0: Foul Ball, location: 2F 2-1: Ball 3-1: Base on Balls
|
|
Batting: RHB Matt Hinkle
|
0-0: Called Strike 0-1: Ball 1-1: Ball Rogelio Cervantes steals 2nd base 2-1: Ball 3-1: Foul Ball, location: 2F 3-2: Ground out 4-3 (Groundball, 4M, EV 79.4 MPH) Rogelio Cervantes to third
|
|
Batting: RHB Frank Sokolosky
|
0-0: Foul Ball, location: 2F 0-1: Ball 1-1: SINGLE (Groundball, 6S, EV 76.9 MPH) (infield hit) Rogelio Cervantes scores
|
|
Batting: LHB Stanislav Parusov
|
0-0: Ball 1-0: Foul Ball, location: 2F 1-1: Foul Ball, location: 2F 1-2: Foul Ball, location: 2F 1-2: TRIPLE (Groundball, 3L, EV 105.0 MPH) Frank Sokolosky scores
|
|
Pitching: RHP Jerome Stady
|
|
|
Batting: RHB Curt Stallings
|
0-0: Called Strike 0-1: Ball 1-1: Ball 2-1: Ball 3-1: Base on Balls
|
|
Batting: LHB Frank Olivo
|
0-0: Ball Curt Stallings steals 2nd base 1-0: Foul Ball, location: 2F 1-1: Ball 2-1: Ball 3-1: Base on Balls
|
|
Batting: RHB John Doucette
|
0-0: SINGLE (Groundball, 6MD, EV 95.0 MPH) Stanislav Parusov scores Curt Stallings to third Frank Olivo to second Runner from 3rd tries for Home, SAFE, throw by CF to home
|
|
Batting: RHB Dominique Paolozzi
|
0-0: Hit by Pitch Frank Olivo to third John Doucette to second
|
|
Batting: RHB Joe Booth
|
0-0: Ball 1-0: Ball 2-0: Ball 3-0: Called Strike 3-1: Base on Balls Frank Olivo scores John Doucette to third Dominique Paolozzi to second
|
|
Batting: RHB Rogelio Cervantes
|
0-0: Ball 1-0: Ball 2-0: Ball 3-0: Called Strike 3-1: Called Strike 3-2: Strikes out looking
|
|
Batting: RHB Matt Hinkle
|
0-0: Swinging Strike 0-1: Called Strike 0-2: Ball 1-2: Ground out 6-3 (Groundball, 56, EV 104.4 MPH)
|
| Bottom of the 5th over - 5 runs, 3 hits, 0 errors, 3 left on base; Detroit (APP) 5 - Boston (APP) 8 |
| TOP OF THE 6TH |
|
Detroit (APP) Tigers batting - Pitching for Boston (APP) Red Sox : RHP Jose Abanto
|
|
Batting: RHB Billy Verdusco
|
0-0: Ball 1-0: Ball 2-0: Foul Ball, location: 2F 2-1: Foul Ball, location: 2F 2-2: Strikes out swinging
|
|
Batting: RHB Jamie Villagrana
|
0-0: Ball 1-0: Swinging Strike 1-1: Swinging Strike 1-2: Foul Ball, location: 2F 1-2: Foul Ball, location: 2F 1-2: Ball 2-2: Strikes out looking
|
|
Batting: RHB Willie Ochoa
|
0-0: Called Strike 0-1: Fly out, F4 (Line Drive, 4, EV 66.2 MPH)
|
| Top of the 6th over - 0 runs, 0 hits, 0 errors, 0 left on base; Detroit (APP) 5 - Boston (APP) 8 |
| BOTTOM OF THE 6TH |
|
Boston (APP) Red Sox batting - Pitching for Detroit (APP) Tigers : RHP Jerome Stady
|
|
Batting: RHB Frank Sokolosky
|
0-0: Ball 1-0: Called Strike 1-1: Called Strike 1-2: Foul Ball, location: 2F 1-2: Ground out 5-3 (Groundball, 5L, EV 101.9 MPH)
|
|
Batting: LHB Stanislav Parusov
|
0-0: Ball 1-0: Called Strike 1-1: Ball 2-1: SINGLE (Groundball, 6M, EV 105.0 MPH) (infield hit)
|
|
Batting: RHB Curt Stallings
|
0-0: Called Strike 0-1: Ball 1-1: Ball 2-1: Called Strike 2-2: Strikes out looking Stanislav Parusov steals 2nd base Batter strikes out.
|
|
Pitching: RHP Tony Kepp
|
|
|
Batting: LHB Frank Olivo
|
0-0: Swinging Strike 0-1: Called Strike 0-2: Strikes out swinging, 2-3 out at first.
|
| Bottom of the 6th over - 0 runs, 1 hit, 0 errors, 1 left on base; Detroit (APP) 5 - Boston (APP) 8 |
| TOP OF THE 7TH |
|
Detroit (APP) Tigers batting - Pitching for Boston (APP) Red Sox : RHP Jose Abanto
|
|
Pitching: RHP Victor Escobar
|
|
|
Batting: LHB Bill Ford
|
0-0: Ball 1-0: Called Strike 1-1: Foul Ball, location: 2F 1-2: Fly out, F9 (Flyball, 9S, EV 94.4 MPH)
|
|
Batting: RHB Jon Goldstein
|
0-0: Ball 1-0: Foul Ball, location: 2F 1-1: Ball 2-1: SINGLE (Line Drive, 78S, EV 105.6 MPH)
|
|
Batting: LHB Jon Pedlar
|
0-0: Ball 1-0: Called Strike 1-1: Ball 2-1: Fly out, F9 (Flyball, 9LS, EV 94.4 MPH)
|
|
Batting: SHB Ross Holland
|
0-0: Called Strike 0-1: Ball 1-1: Ball 2-1: Ball 3-1: Swinging Strike 3-2: Foul Ball, location: 2F 3-2: Strikes out swinging passed ball, reaches first! Jon Goldstein to second
|
|
Batting: LHB Jon Frederick
|
0-0: Called Strike 0-1: Swinging Strike 0-2: Foul Ball, location: 2F 0-2: Ball 1-2: Strikes out looking
|
| Top of the 7th over - 0 runs, 1 hit, 0 errors, 2 left on base; Detroit (APP) 5 - Boston (APP) 8 |
| BOTTOM OF THE 7TH |
|
Boston (APP) Red Sox batting - Pitching for Detroit (APP) Tigers : RHP Tony Kepp
|
|
Batting: RHB John Doucette
|
0-0: Called Strike 0-1: Swinging Strike 0-2: Foul Ball, location: 2F 0-2: Ball 1-2: Ball 2-2: Foul Ball, location: 2F 2-2: Ground out 4-3 (Groundball, 4, EV 90.6 MPH)
|
|
Batting: RHB Dominique Paolozzi
|
0-0: Swinging Strike 0-1: SINGLE (Flyball, 8LS, EV 91.9 MPH)
|
|
Batting: RHB Joe Booth
|
0-0: Swinging Strike 0-1: Ball 1-1: SINGLE (Flyball, 3D, EV 100.0 MPH) Dominique Paolozzi to second
|
|
Batting: RHB Rogelio Cervantes
|
0-0: Ball 1-0: Called Strike 1-1: Ball 2-1: Called Strike 2-2: Ball 3-2: Foul Ball, location: 2F 3-2: Fielders Choice at 2nd, 6-4 (Groundball, 6, EV 84.4 MPH) Dominique Paolozzi to third
|
|
Batting: RHB Matt Hinkle
|
0-0: Ball 1-0: Ball 2-0: Called Strike 2-1: Called Strike 2-2: Foul Ball, location: 2F 2-2: Ball 3-2: Strikes out swinging
|
| Bottom of the 7th over - 0 runs, 2 hits, 0 errors, 2 left on base; Detroit (APP) 5 - Boston (APP) 8 |
| TOP OF THE 8TH |
|
Detroit (APP) Tigers batting - Pitching for Boston (APP) Red Sox : RHP Victor Escobar
|
|
Pitching: LHP Eddie Contreras
|
|
|
Batting: RHB Jose Evangelista
|
0-0: Called Strike 0-1: Ball 1-1: Ball 2-1: Swinging Strike 2-2: Strikes out swinging
|
|
Batting: RHB Billy Verdusco
|
0-0: Ball 1-0: Foul Ball, location: 2F 1-1: Fly out, F8 (Flyball, 8LD, EV 93.1 MPH)
|
|
Batting: RHB Jamie Villagrana
|
0-0: Called Strike 0-1: Foul Ball, location: 2F 0-2: Strikes out swinging
|
| Top of the 8th over - 0 runs, 0 hits, 0 errors, 0 left on base; Detroit (APP) 5 - Boston (APP) 8 |
| BOTTOM OF THE 8TH |
|
Boston (APP) Red Sox batting - Pitching for Detroit (APP) Tigers : RHP Tony Kepp
|
|
Pitching: LHP Josh Sinclair
|
|
|
Batting: RHB Frank Sokolosky
|
0-0: Ball 1-0: Foul Ball, location: 2F 1-1: Ball 2-1: Ball 3-1: Foul Ball, location: 2F 3-2: Base on Balls
|
|
Batting: LHB Stanislav Parusov
|
0-0: Ball 1-0: Foul Ball, location: 2F 1-1: Ball 2-1: Called Strike 2-2: Strikes out swinging
|
|
Batting: RHB Curt Stallings
|
0-0: Called Strike 0-1: Ball 1-1: Ball Wild Pitch! Frank Sokolosky to second 2-1: Intentional Walk
|
|
Batting: LHB Frank Olivo
|
0-0: Foul Ball, location: 2F 0-1: Ball 1-1: Ball 2-1: Swinging Strike 2-2: Grounds into double play, 4-6-3 (Groundball, 4, EV 81.9 MPH)
|
| Bottom of the 8th over - 0 runs, 0 hits, 0 errors, 1 left on base; Detroit (APP) 5 - Boston (APP) 8 |
| TOP OF THE 9TH |
|
Detroit (APP) Tigers batting - Pitching for Boston (APP) Red Sox : LHP Eddie Contreras
|
|
Pitching: RHP Juan Mejia
|
|
|
Batting: RHB Willie Ochoa
|
0-0: Called Strike 0-1: Ground out 6-3 (Groundball, 6D, EV 81.2 MPH)
|
|
Batting: LHB Bill Ford
|
0-0: Ball 1-0: Foul Ball, location: 2F 1-1: SINGLE (Groundball, 56D, EV 91.2 MPH) (infield hit)
|
|
Batting: RHB Jon Goldstein
|
0-0: Ground out 4-3 (Groundball, 34, EV 82.5 MPH) Bill Ford to second
|
|
Batting: LHB Jon Pedlar
|
0-0: Ground out 3-1 (Groundball, 34, EV 81.9 MPH)
|
| Top of the 9th over - 0 runs, 1 hit, 0 errors, 1 left on base; Detroit (APP) 5 - Boston (APP) 8 |
|